 Dungeon Crawl Stone Soup version 0.31-a0-128-g25add195a6 (webtiles) character file.

Game seed: 9197975924696861984

1346 CowFu the Conjurer (level 8, -3/46 HPs)
             Began as a Deep Elf Conjurer on June 1, 2023.
             Was a Follower of Vehumet.
             Slain by a river rat (9 damage)
             ... summoned by Gastronok
             ... on level 9 of the Dungeon.
             The game lasted 00:12:13 (6654 turns).

CowFu the Conjurer (Deep Elf Conjurer)              Turns: 6654, Time: 00:12:14

Health: -3/46      AC:  3    Str:  4    XL:     8   Next: 36%
Magic:  5/14       EV: 13    Int: 26    God:    Vehumet [*.....]
Gold:   273        SH:  0    Dex: 13    Spells: 3/13 levels left

rFire   . . .        a - staff of conjuration
rCold   . . .        (no shield)
rNeg    . . .        j - +0 robe
rPois   .            r - +0 helmet
rElec   .            (no cloak)
rCorr   .            (no gloves)
SInv    .            (no boots)
Will    .....        (no amulet)
Stlth   ++           (no ring)
HPRegen 0.27/turn    (no ring)
MPRegen 0.14/turn

%: no passive effects
@: about to teleport
A: no striking features
a: Renounce Religion


You were on level 9 of the Dungeon.
You worshipped Vehumet.
Vehumet was aware of your devotion.
You visited 2 branches of the dungeon, and saw 8 of its levels.

You collected 273 gold pieces.

Inventory:

Hand Weapons
 b - a +2 spectral short sword
Missiles
 x - 2 throwing nets
Armour
 j - a +0 robe (worn)
 r - a +0 helmet (worn)
Magical Staves
 a - a staff of conjuration (weapon)
Jewellery
 c - a ring of poison resistance
 p - a ring of flight
 s - an amulet of regeneration
 v - a ring of protection from cold
 B - an amulet of the acrobat
Wands
 h - a wand of digging (2)
 t - a wand of iceblast (13)
 w - a wand of flame (14)
Scrolls
 f - 2 scrolls of fog
 g - a scroll of butterflies {unknown}
 o - a scroll of magic mapping
Potions
 d - 2 potions of lignification
 e - 4 potions of curing
 i - a potion of invisibility
 l - 2 potions of attraction {unknown}
 m - a potion of resistance
 z - a potion of degeneration {unknown}
 A - 2 potions of magic


   Skills:
 + Level 3.5 Fighting
 - Level 5.0 Dodging
 - Level 2.4 Stealth
 - Level 3.0 Spellcasting
 + Level 7.7 Conjurations
 + Level 3.5 Hexes
 + Level 5.6 Evocations


You had 3 spell levels left.
You knew the following spells:

 Your Spells              Type           Power      Damage    Failure   Level
a - Magic Dart            Conj           100%       1d8       1%          1
b - Searing Ray           Conj           100%       2d8       1%          2
c - Dazzling Flash        Conj/Hex       98%        N/A       2%          3
d - Fulminant Prism       Conj/Hex       24%        3d12      10%         4

Your spell library contained the following spells:

 Spells                   Type           Power      Damage    Failure   Level
 Sandblast                Erth           6%         2d5       10%         1
 Tukima's Dance           Hex            22%        N/A       7%          3
 Portal Projectile        Hex/Tloc       26%        N/A       14%         3
 Ozocubu's Armour         Ice            3%         N/A       28%         3
 Iskenderun's Mystic Bla  Conj/Tloc      35%        2d8       19%         4
 Metabolic Englaciation   Hex/Ice        6%         N/A       77%         5
 Blade Hands              Tmut           1%         N/A       95%         5
 Simulacrum               Ice/Necr       1%         N/A       100%        6


Dungeon Overview and Level Annotations

Branches:
Dungeon (6/15)             Temple (1/1) D:4

Altars:
Ashenzari
Cheibriados
Elyvilon
Gozag
Nemelex Xobeh
Okawaru
Qazlal
Uskayaw
Vehumet
Wu Jian
Xom
The Shining One

Annotations:
D:6 2 runed translucent doors
D:9 Gastronok


Message History

Gastronok is moderately wounded. (Press . to maintain the ray.) Gastronok casts a spell.
The searing ray hits the rat!
You kill the rat!
The rat's corpse disappears in a puff of smoke!
The bat hits you but does no damage.
The searing ray hits the bat!
You kill the bat!
The bat's corpse disappears in a puff of smoke!
The searing ray hits Gastronok.
Gastronok is heavily wounded.
You finish channelling your searing ray.
Gastronok chants a spell, wobbling all the while.
Casting: Searing Ray (safe; 1% risk of failure)
Confirm with . or Enter, or press ? or * to list all spells.
You don't have enough magic to cast this spell.
Unknown command.
Found a book of Spectacle.
Gastronok waves his eye-stalks in wide circles.
The air twists around and strikes you!
Found 6 stones.
Gastronok waves his eye-stalks in wide circles.
The air twists around and strikes you!!
Ouch! That really hurt!
* * * LOW HITPOINT WARNING * * *
You see here a book of Spectacle.
You see here 6 stones.
You open the door.
There is an open door here.
You open the door.
A hornet comes into view.
There is an open door here.
There are monsters nearby!
There are monsters nearby!
As you read the scroll of teleportation, it crumbles to dust.
You feel strangely unstable.
The hornet buzzes angrily.
The river rat bites you!
You die...

######
#.....
#....#
#....#
#....#
#....# #...#
###'######
#.@r.##..#
#....#...#
#....'...#
#######(.#
#..# ##..##
...........#
#.:..#
...........#
#...##
...........#
#...##


You could see a river rat (summoned).

Vanquished Creatures
  Duvessa (D:6)
  2 black bears (D:4)
  A centaur (D:6)
  A bullfrog (D:9)
  3 scorpions
  Dowan (D:6)
  5 killer bees (D:9)
  A hound (D:6)
  A jelly (D:5)
  Natasha (thrice) (D:3)
  2 iguanas (D:5)
  8 gnolls
  10 adders
  A shadow imp (D:6)
  2 ufetubi
  2 worms (D:3)
  4 dart slugs
  5 orcs
  4 bats
  8 endoplasms
  A giant cockroach (D:4)
  8 hobgoblins
  6 quokkas
  4 ball pythons
  5 frilled lizards
  10 goblins
  6 kobolds
  3 rats (D:2)
108 creatures vanquished.

Vanquished Creatures (others)
  3 fulminant prisms (D:9)
3 creatures vanquished.

Grand Total: 111 creatures vanquished

Notes
Turn   | Place    | Note
-------+----------+-------------------------------------------
     0 | D:1      | CowFu the Deep Elf Conjurer began the quest for the Orb.
     0 | D:1      | Reached XP level 1. HP: 10/10 MP: 6/6
   376 | D:1      | Reached XP level 2. HP: 15/15 MP: 5/8
   425 | D:1      | Reached skill level 5 in Conjurations
  1041 | D:2      | Reached skill level 1 in Evocations
  1041 | D:2      | Reached XP level 3. HP: 19/19 MP: 4/9
  1497 | D:2      | Reached XP level 4. HP: 24/24 MP: 6/10
  1711 | D:2      | Learned a level 2 spell: Searing Ray
  1819 | D:3      | Upgraded the game from 0.31-a0-121-g1e386dd289 to
                  | 0.31-a0-128-g25add195a6
  2515 | D:3      | Noticed Natasha
  2523 | D:3      | Killed Natasha
  2524 | D:3      | Reached skill level 6 in Conjurations
  2524 | D:3      | Reached XP level 5. HP: 13/28 MP: 1/11
  2680 | D:3      | Noticed Natasha
  2686 | D:3      | Killed Natasha
  2959 | D:3      | Noticed Natasha
  2973 | D:3      | Killed Natasha
  2974 | D:3      | Reached skill level 1 in Fighting
  2997 | D:4      | Learned a level 3 spell: Dazzling Flash
  3178 | D:4      | Noticed a black bear
  3189 | D:4      | Killed a black bear
  3190 | D:4      | Reached XP level 6. HP: 24/34 MP: 2/12
  3634 | D:4      | Found a staircase to the Ecumenical Temple.
  3732 | Temple   | Entered the Ecumenical Temple
  3737 | Temple   | Became a worshipper of Vehumet
  4016 | D:5      | Entered Level 5 of the Dungeon
  4219 | D:5      | Reached XP level 7. HP: 29/40 MP: 3/13
  4692 | D:5      | Reached skill level 7 in Conjurations
  4709 | D:5      | Learned a level 4 spell: Fulminant Prism
  5792 | D:6      | Noticed Duvessa
  5792 | D:6      | Noticed Dowan
  5932 | D:6      | Killed Duvessa
  5932 | D:6      | Reached * piety under Vehumet
  5932 | D:6      | Offered knowledge of Sandblast by Vehumet.
  5933 | D:6      | Reached skill level 5 in Dodging
  5933 | D:6      | Reached skill level 1 in Hexes
  5934 | D:6      | Killed Dowan
  5935 | D:6      | Reached skill level 5 in Evocations
  6037 | D:6      | Found a large runed translucent door.
  6038 | D:6      | Found a large runed translucent door.
  6058 | D:6      | Found a white marble altar of Elyvilon.
  6106 | D:6      | Reached XP level 8. HP: 13/46 MP: 7/14
  6485 | D:6      | You fall into a shaft and drop 3 floors!
  6609 | D:9      | Noticed Gastronok
  6637 | D:9      | HP: 2/46 [Gastronok/the air (30)]
  6651 | D:9      | Noticed a hornet
  6654 | D:9      | Slain by a river rat

Illustrated notes

Levels and vault maps discovered:
D:1:      heliophobic_arrival_glass_houses, layout_basic
D:2:      wander_river, layout_basic, serial_park_tiny_2, minmay_pentomino_r4
D:3:      layout_loops_ring, uniq_natasha
D:4:      layout_cave_pools, minmay_temple_entry_antechambers, minivault_27
D:5:      layout_layer_cave, st_stairs_11
D:6:      layout_basic, jmf_multi_god_temple2, lemuel_doored_altar, uniq_duvessa
D:9:      cheibrodos_statue_roulette, layout_gridville, uniq_gastronok
Temple:   minmay_freezing_vapour_temple

Skill      XL: |  1  2  3  4  5  6  7  8 |
---------------+-------------------------+-----
Conjurations   | 5 6 7 |  7.7
Evocations     | 1 2 3 4 5 |  5.6
Dodging        | 3 4 5 |  5.0
Fighting       | 1 2 3 |  3.5
Hexes          | 2 3 |  3.5
Stealth        | |  2.4
Spellcasting   | |  3.0

Action                     |  1- 3 |  4- 6 |  7- 9 || total
---------------------------+-------+-------+-------++-------
  Melee: Staff             |       |    10 |     8 ||    18
         Punch             |       |     2 |       ||     2
   Cast: Magic Dart        |    62 |    88 |    56 ||   206
         Searing Ray       |       |    16 |    14 ||    30
         Fulminant Prism   |       |       |     3 ||     3
    Use: Potion            |       |     1 |     1 ||     2
         Scroll            |       |       |    14 ||    14
   Stab: Sleeping          |       |     1 |       ||     1
 Armour: Robe              |     1 |     6 |     5 ||    12
  Dodge: Dodged            |     1 |    41 |    24 ||    66

Table legend: (Time is in decaauts)
 A = Elapsed time spent in this place.
 B = Non-inter-level travel time spent in this place.
 C = Inter-level travel time spent in this place.
 D = Time resting spent in this place.
 E = Time spent auto-exploring this place.
 F = Levels seen in this place.
 G = Mean time per level.
                   A        B        C        D        E       F      G
               +--------+--------+--------+--------+--------+-----+--------+
         Total |   6679 |   6558 |    121 |      0 |   5501 |   8 |  834.9 |
       Dungeon |   6668 |   6551 |    117 |      0 |   5501 |   7 |  952.6 |
        Temple |     10 |      6 |      4 |      0 |      0 |   1 |   10.0 |
               +--------+--------+--------+--------+--------+-----+--------+

Top non-repeatable levels by time:
     D:5: 1856 daAuts
     D:3: 1272 daAuts
     D:4: 1021 daAuts
     D:2: 912 daAuts
     D:1: 821 daAuts
     D:6: 615 daAuts
     D:9: 169 daAuts
  Temple: 10 daAuts
